 Dungeon Crawl Stone Soup version 0.18-a0-1624-g19ad93e (webtiles) character file.

49 Demise101 the Skirmisher (level 3, -19/33 HPs)
             Began as a Minotaur Abyssal Knight on Mar 23, 2016.
             Was a Believer of Lugonu.
             Demolished by Crazy Yiuf
             ... wielding a +2 quarterstaff of chaos
              (20 damage)
             ... on level 2 of the Dungeon.
             The game lasted 00:02:38 (1395 turns).

Demise101 the Skirmisher (Minotaur Abyssal Knight)  Turns: 1395, Time: 00:02:38

Health: -19/33     AC:  8    Str: 16    XL:     3   Next: 51%
Magic:  11/12      EV:  7    Int:  9    God:    Lugonu [**....]
Gold:   22         SH:  0    Dex: 10    Spells: 0 memorised, 2 levels left

rFire  . . .     SeeInvis .     m - +0 whip
rCold  . . .     Gourm    .     l - +0 chain mail
rNeg   . . .     Faith    .     (no shield)
rPois  .         Spirit   .     (helmet restricted)
rElec  .         Dismiss  .     (no cloak)
rCorr  .         Reflect  .     (no gloves)
SustAt .         Harm     .     (no boots)
MR     .....                    (no amulet)
Stlth  ..........               (no ring)
                                j - ring of magical power

@: about to teleport, not resistant to hostile enchantments, extremely
unstealthy
A: retaliatory headbutt, horns 2
a: Depart the Abyss, Bend Space, Renounce Religion


You were on level 2 of the Dungeon.
You worshipped Lugonu.
Lugonu was pleased with you.
You were hungry.

You visited 1 branch of the dungeon, and saw 2 of its levels.
You visited the Abyss 1 time.

You collected 22 gold pieces.

Inventory:

Hand Weapons
 a - a +1 mace
 m - a +0 whip (weapon)
Armour
 b - a +0 leather armour
 l - a +0 chain mail (worn)
Jewellery
 j - a ring of magical power (left hand)
Scrolls
 e - a scroll of enchant armour {unknown}
 g - a scroll of teleportation
 h - a scroll of identify
 i - 3 scrolls of remove curse
 k - a scroll of random uselessness {unknown}
 n - a scroll of fog {unknown}
Potions
 f - a potion of heal wounds
Comestibles
 c - a bread ration
 d - 2 chunks of flesh


   Skills:
 + Level 4.3 Fighting
 * Level 4.2 Maces & Flails
 - Level 2.4 Armour
 - Level 1.1 Dodging
 - Level 1.7 Invocations


You had 2 spell levels left.
You didn't know any spells.

Dungeon Overview and Level Annotations

Branches:
Dungeon (2/15)

Altars:
Nemelex Xobeh

Annotations:
D:2 Crazy Yiuf, Terence


Innate Abilities, Weirdness & Mutations

You reflexively headbutt those who attack you in melee.
You have a pair of horns on your head.


Message History

The gnoll shouts!
Found 8 gold pieces.
Read which item? (? for menu, Esc to quit)
Okay, then.
Crazy Yiuf hits you but does no damage.
You are electrocuted!
Read which item? (? for menu, Esc to quit)
As you read the scroll of teleportation, it crumbles to dust.
You feel strangely unstable.
Crazy Yiuf hits you with a quarterstaff of chaos!
* * * LOW HITPOINT WARNING * * *
x2 You hit the gnoll but do no damage.
The gnoll hits you but does no damage.
Crazy Yiuf laughs, "Key!
Papa unthinkable foot."
Crazy Yiuf hits you but does no damage. Space bends around you!
You blink.
* * * LOW HITPOINT WARNING * * *
You feel slightly more hungry. Crazy Yiuf hits you but does no damage.
You are electrocuted!
Ouch! That really hurt!
You die...

#............#
#.#####..#####
#)# #..# #$
#.# #.. #.
#.##.. # #.
#.#.# .. #.
#..# .$.###.
#%# .......
#@#
......g#####g#
#...gg.g.#
.......#######
.######


You could see Crazy Yiuf and a gnoll.

Vanquished Creatures
  An adder (D:2)
  2 oozes (D:1)
  A giant gecko (D:2)
  3 bats (D:1)
  2 giant cockroaches (D:1)
  7 goblins
  3 hobgoblins
  A ball python (D:1)
  A giant newt (D:2)
  4 kobolds (D:1)
  3 rats (D:1)
28 creatures vanquished.

Notes
Turn   | Place    | Note
--------------------------------------------------------------
     0 | Abyss:1  | Demise101 the Minotaur Abyssal Knight began the quest for the Orb.
     0 | Abyss:1  | Reached XP level 1. HP: 19/19 MP: 1/1
    13 | D:1      | Escaped the Abyss
   389 | D:1      | Reached XP level 2. HP: 25/27 MP: 2/2
   687 | D:1      | Found a sparkling altar of Nemelex Xobeh.
   706 | D:1      | Reached ** piety under Lugonu
  1102 | D:1      | Reached XP level 3. HP: 33/33 MP: 3/3
  1155 | D:2      | Noticed Terence
  1319 | D:2      | Noticed Crazy Yiuf
  1395 | D:2      | HP: 1/33 [spatial distortion (2)]
  1395 | D:2      | Demolished by Crazy Yiuf

Vault maps used:
D:1:      roderic_octagonal_star, serial_park_tiny_pond,
          nemelex_xobeh_ov_fountains_minmay
D:2:      nicolae_overflow_hidden_temple, uniq_iyjb, uniq_crazy_yiuf_cottage,
          uniq_terence, uniq_robin

Skill      XL: |  1  2  3 |
---------------+----------+-----
Maces & Flails | 3 4 |  4.2
Fighting       | 4 |  4.3
Armour         | |  2.4
Dodging        | |  1.1
Invocations    | |  1.7

Action                   || total
-------------------------++-------
Melee: Mace              ||    45
       Whip              ||     6
Invok: Bend Space        ||     2
  Use: Scroll            ||     4
  Eat: Chunk             ||     1
